Map: Deathaura LE

Players

soul - Winner!

  • Race: Terran Terran
  • League: Grandmaster
  • Spawn Location: 11:00

Srade

  • Race: Zerg Zerg
  • League: Master
  • Spawn Location: 5:00

VOD

Have the link to the VOD?

Description

Time

  • Played on: Aug. 17, 2020, 12:21 p.m.
  • Length: 14:45
Show
View Real Time Build Order
Export as new Build Order

soul Terran - Winner!

Build Orders: Reaper Expand 

Get SALT Encoding   

  12  0:00  SCV  
  13  0:12  SCV  
  14  0:17  Supply Depot  
  14  0:24  SCV  
  15  0:39  SCV  
  15  0:40  Barracks  
  16  0:44  Refinery  
  16  0:51  SCV  
  17  1:03  SCV  
  18  1:15  SCV  
  19  1:28  Reaper, Orbital Command  
  20  1:40  Command Center  
  20  1:47  Supply Depot  
  20  1:54  SCV  
  21  2:00  Marine  
  22  2:05  Factory  
  22  2:08  SCV  
  23  2:20  SCV  
  23  2:21  Barracks Reactor  
  24  2:32  SCV  
  25  2:44  SCV  
  25  2:47  Barracks  
  26  2:52  Orbital Command  
  26  2:53  Refinery  
  26  2:56  SCV  
  27  2:58  Supply Depot  
  27  3:01  Hellion  
  27  3:02  Hellion  
  27  3:03  Barracks Tech Lab  
  31  3:08  SCV  
  32  3:17  SCV  
  33  3:20  SCV  
  33  3:22  Hellion, Stimpack  
  33  3:23  Hellion, Marine  
  39  3:29  SCV  
  39  3:32  Starport  
  39  3:33  SCV  
  41  3:41  SCV, Marine  
  42  3:45  SCV  
  44  3:50  Marine x2  
  44  3:52  Supply Depot  
  44  3:53  SCV, Factory Reactor  
  47  3:57  SCV  
  47  3:59  Marine  
  49  4:06  SCV  
  49  4:08  Marine x2  
  49  4:09  SCV  
  53  4:15  Supply Depot  
  53  4:16  Marine  
  53  4:18  SCV  
  53  4:20  Command Center  
  53  4:23  SCV  
  55  4:26  Marine  
  55  4:28  Marine  
  55  4:30  SCV  
  58  4:34  Supply Depot, Medivac  
  58  4:35  Medivac  
  58  4:37  Marine  
  63  4:40  SCV  
  63  4:43  Supply Depot, Marine, Factory Tech Lab  
  65  4:45  SCV, Marine  
  65  4:52  SCV, Supply Depot  
  67  4:54  Marine  
  67  4:58  SCV  
  70  5:01  Marine  
  70  5:02  Combat Shield  
  70  5:04  Engineering Bay  
  70  5:07  Engineering Bay  
  71  5:11  Barracks  
  71  5:13  Barracks  
  71  5:18  Marine  
  71  5:19  Refinery, Marine x2  
  71  5:20  Refinery  
  74  5:22  Starport Reactor  
  74  5:25  SCV  
  74  5:28  Siege Tank  
  78  5:33  SCV  
  79  5:36  Marine x2  
  79  5:37  SCV, Marine  
  64  5:51  Terran Infantry Weapons Level 1, Orbital Command, Terran Infantry Armor Level 1  
  64  5:53  Marine  
  64  5:54  Marine  
  64  5:55  Marine  
  66  5:59  SCV x2  
  71  6:05  Supply Depot, Medivac  
  71  6:08  Marine  
  71  6:09  Marine  
  72  6:11  SCV, Marine  
  72  6:12  Marine  
  72  6:13  Medivac  
  72  6:15  Orbital Command  
  72  6:17  SCV  
  78  6:21  Marine  
  78  6:23  Siege Tank  
  78  6:24  Supply Depot  
  78  6:25  SCV  
  82  6:26  Marine  
  82  6:29  SCV  
  82  6:31  Marine  
  85  6:37  SCV, Medivac  
  88  6:41  SCV  
  88  6:42  SCV  
  88  6:43  Marine x3  
  93  6:49  SCV  
  93  6:51  Barracks  
  93  6:52  Barracks  
  93  6:53  Armory, SCV  
  95  6:56  SCV  
  95  6:58  Supply Depot  
  95  7:00  Marine, Siege Tank  
  100  7:02  SCV, Supply Depot  
  100  7:03  Marine x2  
  100  7:05  SCV  
  100  7:07  Marine  
  105  7:08  Marine  
  106  7:18  Marine  
  106  7:21  Marine x2  
  109  7:25  Marine  
  109  7:26  Marine  
  100  7:31  Medivac x2  
  100  7:32  Siege Tank  
  100  7:36  Marine  
  107  7:39  SCV x3, Marine x2  
  107  7:42  Marine  
  107  7:43  Barracks Reactor  
  109  7:44  Marine  
  109  7:45  Barracks Reactor  
  109  7:49  Terran Infantry Weapons Level 2  
  108  7:51  SCV x3  
  108  7:54  Marine  
  108  7:55  Refinery  
  108  7:56  Refinery  
  108  7:57  Marine x2  
  114  8:00  Marine  
  114  8:02  Marine  
  114  8:03  SCV  
  114  8:04  SCV  
  118  8:06  Terran Infantry Armor Level 2  
  118  8:12  Marine  
  115  8:14  Marine  
  115  8:15  Command Center, Marine  
  115  8:18  Marine x2  
  115  8:19  Marine  
  104  8:21  Marine x2, Siege Tank  
  104  8:22  Marine  
  111  8:27  Factory  
  111  8:29  Marine  
  111  8:30  SCV, Supply Depot  
  111  8:32  Supply Depot, Marine x2  
  115  8:36  Marine x2  
  115  8:37  Marine  
  115  8:39  Marine x3  
  121  8:47  Marine  
  122  8:50  Marine x2  
  122  8:53  Siege Tank  
  122  8:54  Marine x2  
  122  8:55  Marine  
  128  8:57  Marine x3  
  120  9:05  Marine  
  120  9:08  Medivac x2, Drilling Claws, Marine x2  
  128  9:10  SCV x2  
  128  9:12  Marine x2  
  128  9:13  Marine  
  128  9:15  Marine x3  
  129  9:23  Marine  
  129  9:25  SCV  
  129  9:26  SCV, Marine x2  
  129  9:27  Factory Reactor  
  129  9:29  Marine  
  129  9:30  Marine  
  129  9:31  Command Center, Marine  
  136  9:33  Marine x3  
  136  9:35  SCV  
  136  9:38  SCV  
  141  9:41  Marine  
  141  9:43  Marine  
  141  9:44  Marine  
  141  9:47  Marine x2  
  141  9:48  Medivac  
  141  9:49  Marine  
  141  9:50  SCV, Marine  
  141  9:51  Marine x2  
  150  9:58  Marine  
  142  10:05  Planetary Fortress  
  110  10:07  Marine  
  110  10:08  Marine x6  
  110  10:09  Marine  
  110  10:11  SCV x3  
  115  10:14  Widow Mine  
  115  10:16  Widow Mine, Marine  
  115  10:18  Widow Mine  
  118  10:23  Sensor Tower  
  118  10:25  Marine x5  
  118  10:27  SCV x2  
  125  10:30  Terran Infantry Weapons Level 3  
  125  10:36  Widow Mine  
  125  10:40  Terran Infantry Armor Level 3  
  125  10:41  Widow Mine x2, Marine x3  
  131  10:44  Marauder  
  131  10:45  SCV x3  
  131  10:47  SCV  
  137  10:57  SCV  
  137  10:58  Barracks  
  137  10:59  Barracks x2  
  137  11:01  Supply Depot x2  
  137  11:03  Supply Depot  
  144  11:04  Widow Mine x3  
  144  11:08  SCV x2  
  144  11:09  SCV  
  147  11:13  Liberator  
  147  11:18  Marauder, Marine  
  147  11:20  SCV  
  147  11:25  Widow Mine  
  134  11:35  Widow Mine  
  138  11:40  Marauder, Marine  
  139  11:47  Barracks Tech Lab  
  139  11:48  Barracks Tech Lab x2  
  139  11:50  Widow Mine  
  139  11:52  Liberator  
  139  11:53  Planetary Fortress  
  144  11:56  Liberator  
  144  11:57  Command Center  
  144  11:58  SCV  
  144  12:00  Marine  
  144  12:01  Marauder, Marine x2  
  152  12:02  Widow Mine  
  152  12:04  Marine  
  154  12:19  Marine x3, Widow Mine  
  154  12:21  SCV x3  
  163  12:22  Marauder  
  163  12:26  Widow Mine  
  153  12:30  Marauder, Marine  
  153  12:33  SCV x2  
  153  12:35  Marauder, Marine, Liberator  
  162  12:37  Command Center  
  162  12:38  Marauder  
  162  12:39  Liberator  
  162  12:40  Widow Mine  
  171  12:44  Marauder  
  171  12:48  Widow Mine  
  171  12:51  Widow Mine  
  171  12:52  Marauder  
  171  12:55  SCV  
  171  12:57  SCV, Marauder  
  177  12:59  Marauder  
  177  13:02  Widow Mine  
  177  13:03  SCV  
  177  13:05  Marauder  
  178  13:10  SCV, Widow Mine  
  178  13:13  Widow Mine  
  178  13:18  Liberator  
  178  13:19  Supply Depot  
  181  13:21  SCV  
  181  13:22  Medivac  
  181  13:23  Widow Mine  
  186  13:31  Marauder, Marine, Widow Mine  
  186  13:32  Marauder x2  
  195  13:37  Marauder  
  195  13:41  Widow Mine, Marine x2  
  196  13:42  Marine  
  196  13:44  Marine, Widow Mine  
  196  13:47  Marine  
  194  13:50  Marine  
  194  13:52  Medivac  
  194  13:53  Marauder x2, Widow Mine  
  198  13:57  Marauder  
  198  14:01  Medivac  
  198  14:02  Widow Mine  
  200  14:06  Widow Mine  
  182  14:14  Widow Mine  
  183  14:18  Marauder, Marine  
  183  14:22  Marine  
  183  14:23  Marauder x3  
  183  14:24  Widow Mine  
Show
View Real Time Build Order
Export as new Build Order

Srade Zerg 

Build Orders: Hatch First 

Get SALT Encoding   

  12  0:00  Drone  
  13  0:13  Overlord  
  13  0:16  Drone  
  14  0:31  Drone x2  
  16  0:48  Hatchery  
  15  0:52  Drone  
  15  0:55  Drone  
  17  0:58  Drone  
  18  1:09  Extractor  
  17  1:14  Spawning Pool  
  17  1:17  Drone  
  17  1:20  Drone  
  18  1:28  Drone  
  19  1:42  Drone  
  20  1:51  Overlord  
  20  2:02  Queen x2  
  20  2:03  Zergling x4  
  26  2:18  Hatchery  
  25  2:24  Metabolic Boost  
  24  2:43  Queen  
  26  2:47  Zergling x2  
  26  2:49  Drone  
  26  2:50  Drone x2  
  30  2:51  Drone  
  30  2:52  Drone  
  32  2:59  Queen  
  32  3:04  Overlord  
  34  3:17  Drone x2  
  36  3:22  Overlord  
  36  3:23  Drone  
  36  3:25  Drone x3  
  40  3:30  Drone  
  40  3:32  Queen  
  43  3:45  Drone x3  
  43  3:48  Drone x2  
  48  3:51  Drone x2  
  48  3:52  Overlord  
  50  3:55  Zergling x2  
  50  3:56  Zergling x4  
  53  4:04  Drone, Extractor  
  53  4:06  Baneling Nest  
  53  4:09  Zergling x4  
  55  4:10  Zergling x4  
  56  4:20  Overlord  
  56  4:23  Zergling x2  
  56  4:24  Zergling x2  
  58  4:25  Drone x4  
  62  4:37  Overlord x2, Evolution Chamber  
  61  4:40  Drone x5  
  66  4:53  Overlord  
  66  4:54  Overlord  
  66  5:00  Drone x8  
  66  5:03  Zerg Ground Armor Level 1  
  66  5:06  Evolution Chamber, Baneling  
  73  5:07  Baneling x4  
  73  5:10  Zergling x2  
  73  5:11  Zergling x4  
  76  5:23  Zergling x16  
  82  5:41  Zergling x2  
  82  5:42  Zergling x14  
  81  5:52  Lair, Zerg Melee Weapons Level 1  
  81  5:55  Drone x7  
  88  6:00  Extractor  
  88  6:01  Baneling x5  
  87  6:04  Drone x2  
  87  6:05  Hatchery, Drone x5  
  93  6:17  Drone x3  
  95  6:22  Extractor  
  94  6:29  Hatchery, Drone x4  
  94  6:31  Overlord  
  97  6:32  Extractor  
  97  6:36  Overlord x3  
  94  6:43  Zergling x2  
  94  6:44  Zergling x4  
  97  6:51  Centrifical Hooks  
  97  6:55  Infestation Pit, Extractor  
  97  6:58  Zergling x2  
  97  6:59  Zergling x14  
  97  7:00  Zerg Ground Armor Level 2  
  103  7:08  Zergling x14  
  107  7:12  Baneling x5  
  94  7:32  Zergling x22  
  103  7:40  Hive  
  103  7:41  Queen, Drone x3  
  107  7:48  Zerg Melee Weapons Level 2  
  107  7:50  Drone  
  107  7:51  Drone x2  
  110  7:52  Drone x2  
  110  7:53  Drone x5  
  115  7:59  Baneling  
  115  8:00  Baneling x2  
  109  8:08  Zergling x14  
  109  8:10  Baneling  
  109  8:11  Baneling x2  
  111  8:19  Zergling x16  
  112  8:29  Zergling x6  
  112  8:30  Zergling x12  
  122  8:34  Zergling x6  
  122  8:40  Hatchery, Baneling x9  
  122  8:41  Zergling x2, Baneling x10  
  120  8:42  Zergling x2  
  120  8:48  Zergling x12  
  117  9:00  Zergling x2  
  117  9:01  Zergling x30  
  121  9:03  Adrenal Glands  
  121  9:06  Ultralisk Cavern  
  121  9:07  Extractor  
  118  9:12  Zergling x2  
  118  9:13  Zergling x8  
  116  9:21  Zergling x6  
  116  9:22  Baneling x4  
  116  9:23  Baneling x11  
  116  9:27  Zergling x12  
  116  9:29  Baneling  
  116  9:30  Baneling x5  
  122  9:34  Zergling x14  
  122  9:37  Zerg Ground Armor Level 3  
  127  9:51  Zergling x2  
  127  9:52  Zergling x18  
  137  9:54  Chitinous Plating  
  137  9:56  Ultralisk  
  135  10:02  Zergling x2  
  135  10:03  Zergling x20  
  133  10:09  Zerg Melee Weapons Level 3  
  133  10:14  Drone x4, Extractor  
  133  10:15  Drone x5  
  133  10:16  Queen, Drone x3  
  133  10:20  Zergling x2, Ultralisk  
  145  10:21  Zergling x2  
  145  10:24  Baneling x4  
  145  10:25  Zergling x2  
  145  10:26  Zergling x2  
  148  10:41  Zergling x6  
  147  10:43  Overlord x3  
  147  10:49  Baneling x3  
  147  10:50  Baneling x10  
  147  10:51  Overlord x4  
  147  10:59  Overlord x2  
  141  11:13  Anabolic Synthesis  
  141  11:16  Zergling x2  
  141  11:17  Zergling x46  
  141  11:18  Zergling x6  
  140  11:26  Zergling x2  
  140  11:27  Zergling x16  
  140  11:28  Overseer x2  
  140  11:29  Overseer  
  148  11:38  Ultralisk  
  148  11:39  Zergling x12, Ultralisk  
  166  11:41  Baneling x4  
  166  11:48  Baneling x14  
  166  11:57  Extractor  
  161  12:18  Hatchery  
  141  12:38  Zergling x2  
  141  12:39  Zergling x30  
  141  12:40  Zergling x22  
  141  12:43  Ultralisk x2  
  141  12:44  Ultralisk  
  185  12:47  Hatchery  
  185  12:48  Overseer  
  185  12:49  Overseer x2  
  163  13:21  Zergling x2, Ultralisk x2  
  163  13:22  Zergling x12  
  182  13:33  Spore Crawler  
  97  13:59  Spire  
  97  14:02  Zergling x12  
  91  14:03  Zergling x20  
  87  14:17  Overseer  
  80  14:24  Zergling x2  
  80  14:25  Zergling x14  
Tags
 
Add a new tag
Caveats
  • Supply blocks, unpowered buildings, or Contaminate may cause inaccurate times.
  • Supply counts are checked every 10 seconds.